 Dungeon Crawl Stone Soup version 0.29-a0-234-g0dae59b3db (webtiles) character file.

Game seed: 15247041949806426822

429 spaghetti the Skirmisher (level 6, -1/34 (39) HPs)
             Began as an Octopode Chaos Knight on Mar 4, 2022.
             Was a Plaything of Xom.
             Slain by Pikel
             ... wielding a +2 whip of flaming
              (8 damage)
             ... on level 4 of the Dungeon.
             The game lasted 00:04:53 (3668 turns).

spaghetti the Skirmisher (Octopode Chaos Knight)    Turns: 3668, Time: 00:04:55

HP:   -1/34 (39)    AC:  3    Str: 12 (14) XL:     6   Next: 98%
MP:   6/6           EV: 14    Int: 15 (17) God:    Xom [.....*]
Gold: 207           SH:  0    Dex: 18 (21) Spells: 5/5 levels left

rFire   + . .      SeeInvis .   g - +2 whip (vamp) {mace}
rCold   . . .      Faith    .   (no shield)
rNeg    . . .      Spirit   .   i - +2 hat
rPois   .          Reflect  .   (no amulet)
rElec   .          Harm     .   k - ring of protection from fire
rCorr   .          Rampage  .   l - ring "Vuaw" {Contam +Blink Str+2 Int+3 Dex+6}
Will    .....                   (no ring)
Stlth   +++.......              (no ring)
HPRegen 0.11/turn               (no ring)
MPRegen 0.10/turn               (no ring)
                                (no ring)
                                (no ring)

@: heavily drained
A: almost no armour, amphibious, 8 rings, camouflage 1, gelatinous body 1,
(nimble swimmer 1), tentacles, agile 1, frail 2, screaming 1
a: Renounce Religion, Evoke Blink


You were on level 4 of the Dungeon.
You worshipped Xom.
You were Xom's teddy bear.
You visited 1 branch of the dungeon, and saw 4 of its levels.

You collected 207 gold pieces.


Innate Abilities, Weirdness & Mutations

You cannot wear most types of armour.
You are amphibious.
You can wear up to eight rings at the same time.
Your skin changes colour to match your surroundings (Stealth+).
Your rubbery body absorbs attacks. (AC +1, EV +1)
((You are camouflaged when in or above water. (Stealth+)))
You have tentacles for arms and can constrict up to eight enemies at once.
You are agile. (Dex +2)
You are very frail. (-20% HP)
You occasionally shout uncontrollably at your foes.


   Skills:
 + Level 7.6 Fighting
 - Level 3.0 Long Blades
 - Level 2.3 Dodging


You had 5 spell levels left.
You didn't know any spells.
Your spell library was empty.

Inventory:

Hand Weapons
 a - a +1 falchion of chaos {long}
 g - a +2 vampiric whip (weapon) {mace}
   (You found it on level 2 of the Dungeon)
Missiles
 b - 81 stones (quivered) {throwing}
 f - 10 poisoned darts {throwing}
Armour
 i - a +2 hat (worn)
   (You found it on level 2 of the Dungeon)
Magical Staves
 n - a staff of death {!astaff}
   (You found it on level 3 of the Dungeon)
Jewellery
 j - a ring of fire
   (You found it on level 2 of the Dungeon)
 k - a ring of protection from fire (left tentacle)
   (You found it on level 3 of the Dungeon)
 l - the ring "Vuaw" (right tentacle) {Contam +Blink Str+2 Int+3 Dex+6}
   (You took it off Terence on level 3 of the Dungeon)

   [ring of dexterity]

   Str:       It affects your strength (+2).
   Int:       It affects your intelligence (+3).
   Dex:       It affects your dexterity (+6).
   +Blink:    It lets you blink.
   Contam:    It causes magical contamination when unequipped.
 m - a ring of fire
   (You took it off a gnoll on level 3 of the Dungeon)
Scrolls
 c - 2 scrolls of identify {@r1}
 h - a scroll of enchant weapon
Potions
 d - a potion of might
 e - a potion of lignification {!q}

Dungeon Overview and Level Annotations

Branches:
Dungeon (4/15)
 Temple: D:4-7

Altars:

Annotations:
D:3 Ijyb
D:4 Pikel

...... ..... #
#.#.## .# #....
#.# #5..# ...
#5#.##.#
##.#####5K....#.#
.......@K5......#
.....#####!######
... #..†....# .
#.<.....#
#.......#
#)......#
#.......#
#.......#
#.......#


You could see Pikel, 4 lemures and a kobold.


Message History

An endoplasm comes into view.
You barely miss the ball python. You grab the ball python.
You constrict the ball python. The ball python barely misses you.
The ball python completely misses you.
You hit the ball python.
You feel better.
You squeeze the ball python, but do no damage.
You constrict the ball python.
You kill the ball python! 😕 HP[+1]
You hit the endoplasm.
You feel better.
You squeeze the endoplasm.
You kill the endoplasm! 😎 HP[+1]
Your hp is fully restored (33).
The dart slug bites you. 😕 HP[-3]
You take 3 damage, and now have 30/33 hp.
You hit the dart slug.
You feel better.
Your grab misses the dart slug. You squeeze the dart slug.
You kill the dart slug! 😎 HP[+3]
Your hp is fully restored (33).
No target in view!
No target in view!
No target in view!
No target in view!
A lemure and a hound come into view.
You see here a potion of cancellation.
There are monsters nearby!
A lemure comes into view.
There are monsters nearby!
There are monsters nearby!
The lemure shouts!
You hear a shout! x2; The hound barks!
A kobold comes into view. It is wielding a +0 dagger.
Pikel, Merchant of Souls comes into view.
He is wielding a +2 whip of flaming and carrying a wand of paralysis (14).
The lemure shouts!
The hound bites you. The hound misses you. 😕 HP[-3]
You take 3 damage, and now have 30/33 hp.
Pikel shouts!
The kobold shouts!
You hit the hound. Your grab misses the hound. You squeeze the hound.
The kobold unwields a +0 dagger.
The kobold wields a +0 hand crossbow.
The kobold shoots a bolt.
The bolt hits you. The hound barely misses you.
A lemure comes into view. x2
You hit the hound.
You feel better.
You grab the hound.
You constrict the hound, but do no damage.
The hound bites you. The hound barely misses you.
You hit the hound.
You feel better.
You constrict the hound. The hound closely misses you.
The hound barely misses you.
You hit the hound.
You feel better.
You kill the hound!
The lemure hits you but does no damage.
Pikel says, "You'll make a fine lemure."
You feel your strength returning.
You closely miss the lemure. Your grab misses the lemure.
You squeeze the lemure! The lemure hits you. The lemure barely misses you.
You hit the lemure but do no damage. You grab the lemure.
You squeeze the lemure, but do no damage.
You constrict the lemure, but do no damage.
The lemure hits you.
You are too injured to fight recklessly!
You are too injured to fight recklessly!
You are too injured to fight recklessly! 😮 HP[-6]
You now have 34 max hp (+1).
You take 6 damage, and now have 24/34 hp.
You are too injured to fight recklessly!
You are too injured to fight recklessly!
You are too injured to fight recklessly!
You are too injured to fight recklessly!
You are too injured to fight recklessly!
You are too injured to fight recklessly!
You are too injured to fight recklessly!
You are too injured to fight recklessly!
You are too injured to fight recklessly!
You are too injured to fight recklessly!
Unknown command.
You are too injured to fight recklessly!
You hit Pikel.
You feel better.
You grab Pikel. You squeeze Pikel. You constrict Pikel, but do no damage.
You constrict the lemure. The lemure hits you. Pikel completely misses you.
You hit Pikel.
You feel better.
You constrict Pikel. You constrict the lemure. The lemure closely misses you.
Pikel says, "Antaeus said I was his favorite kobold.
Me!"
Pikel hits you with a +2 whip of flaming. 😮 HP[+1]
You hit Pikel but do no damage. You squeeze Pikel! You constrict Pikel.
You constrict the lemure. The lemure hits you.
Pikel hits you with a +2 whip of flaming!
* * * LOW HITPOINT WARNING * * *
Pikel burns you.
* * * LOW HITPOINT WARNING * * *
😨 HP[-16]
You take 16 damage, and now have 9/34 hp.
MASSIVE DAMAGE!! (PAUSE)
You hit Pikel but do no damage. You squeeze Pikel. You constrict Pikel.
You constrict the lemure. The lemure hits you.
* * * LOW HITPOINT WARNING * * *
Pikel hits you with a +2 whip of flaming!
You die...
Xom roars with laughter!

Skill      XL: |  1  2  3  4  5 |
---------------+----------------+-----
Fighting       | 4 5 7 |  7.6
Long Blades    | |  3.0
Dodging        | |  2.3

Action                   |  1- 3 |  4- 6 || total
-------------------------+-------+-------++-------
Melee: Falchion          |    44 |       ||    44
       Constrict         |    17 |    27 ||    44
       Tentacles         |     9 |    21 ||    30
       Whip              |    11 |    88 ||    99
       Punch             |       |     2 ||     2
  Use: Scroll            |     3 |     2 ||     5
       Potion            |     4 |     4 ||     8
 Stab: Sleeping          |     5 |     2 ||     7
       Distracted        |       |     1 ||     1
Armor: Skin              |     8 |     6 ||    14
Dodge: Dodged            |    38 |    58 ||    96

Levels and vault maps discovered:
D:1:      dpeg_arrival_court, layout_basic, grunt_decor_arrowhead
D:2:      wander_river, layout_basic, shapermc_ecumenical_altar_petra
D:3:      layout_basic, chequers_decorated_corner, uniq_grinder, uniq_terence,
          uniq_ijyb
D:4:      layout_loops_cross, uniq_pikel

Notes
Turn   | Place    | Note
-------+----------+-------------------------------------------
     0 | D:1      | spaghetti the Octopode Chaos Knight began the quest for the
                  | Orb.
     0 | D:1      | Reached XP level 1. HP: 16/16 MP: 1/1
     0 | D:1      | magus.rc [v1.9.6]
    84 | D:1      | XOM: divination: detect items
   146 | D:1      | Reached XP level 2. HP: 17/21 MP: 2/2
   604 | D:1      | XOM: give mutation
   604 | D:1      | Gained mutation: You are frail. (-10% HP) [Xom's mischief]
   955 | D:2      | Reached skill level 4 in Fighting
   964 | D:2      | Reached XP level 3. HP: 15/24 MP: 3/3
  1423 | D:2      | XOM: 2-stop teleportation journey
  1639 | D:2      | Found a faded altar of an unknown god.
  1869 | D:3      | Reached XP level 4. HP: 30/30 MP: 4/4
  1889 | D:3      | Reached skill level 5 in Fighting
  2058 | D:3      | XOM: noise
  2087 | D:3      | XOM: 1-stop teleportation journey
  2169 | D:3      | Identified the ring "Vuaw" {Contam +Blink Str+2 Int+3
                  | Dex+6}
  2169 | D:3      | Noticed Terence
  2213 | D:3      | Killed Terence
  2214 | D:3      | Reached XP level 5. HP: 19/36 MP: 5/5
  2337 | D:3      | XOM: summons 1 hostile shadow creature
  2463 | D:3      | Noticed Grinder
  2481 | D:3      | Paralysed by Grinder for 5 turns
  2486 | D:3      | XOM: give mutations
  2486 | D:3      | Gained mutation: You occasionally shout uncontrollably at
                  | your foes. [Xom's mischief]
  2486 | D:3      | Gained mutation: You possess an exceptional clarity of
                  | mind. [Xom's mischief]
  2486 | D:3      | Lost mutation: You possess an exceptional clarity of mind.
                  | [Xom's mischief]
  2486 | D:3      | Gained mutation: You are very frail. (-20% HP) [Xom's
                  | mischief]
  2490 | D:3      | Killed Grinder
  2491 | D:3      | Reached skill level 7 in Fighting
  2491 | D:3      | Reached XP level 6. HP: 18/39 MP: 6/6
  2565 | D:3      | XOM is BORED!
  2565 | D:3      | XOM: draining
  2720 | D:3      | Noticed Ijyb
  2725 | D:3      | Xom revived you
  2742 | D:3      | XOM: fog
  2768 | D:3      | HP: 7/33 [giant cockroach (2)]
  3433 | D:3      | XOM: give mutation
  3433 | D:3      | Gained mutation: You are agile. (Dex +2) [Xom's grace]
  3657 | D:4      | Noticed Pikel
  3668 | D:4      | HP: 7/34 [lemure[Pikel] (2)]
  3668 | D:4      | Slain by Pikel

Vanquished Creatures
  Grinder (D:3)
  A hound (D:4)
  Terence (D:3)
  6 gnolls (D:3)
  6 adders
  3 dart slugs
  4 orcs (D:3)
  3 ball pythons
  6 bats
  4 endoplasms
  7 giant cockroaches
  4 goblins
  6 hobgoblins
  3 frilled lizards
  8 kobolds
  2 rats (D:1)
65 creatures vanquished.

Table legend:
 A = Non-vault XP
 B = Vault XP
 C = Vault XP percentage of total XP
 D = Non-vault monster count
 E = Vault monster count
 F = Vault count percentage of total count
                 A         B        C        D         E       F
            +---------+---------+-------+---------+---------+-------
      Total |     301 |     313 |  51.0 |      63 |       2 |   3.1
            +---------+---------+-------+---------+---------+-------
        D:1 |      24 |       0 |   0.0 |      15 |       0 |   0.0
        D:2 |      41 |       0 |   0.0 |      13 |       0 |   0.0
        D:3 |     186 |     313 |  62.7 |      30 |       2 |   6.2
        D:4 |      50 |       0 |   0.0 |       5 |       0 |   0.0
            +---------+---------+-------+---------+---------+-------

Illustrated notes

Table legend:
 A = Kills in this place as a percentage of kills in entire the game.
 B = Kills by you in this place as a percentage of kills by you in the entire game.
 C = Kills by friends in this place as a percentage of kills by friends in the entire game.
 D = Other kills in this place as a percentage of other kills in the entire game.
 E = Experience gained in this place as a percentage of experience gained in the entire game.
 F = Experience gained in this place divided by the number of levels of this place that you have seen.
                   A       B       C       D       E      F
               +-------+-------+-------+-------+-------+----------------------
         Total | 100.0 | 100.0 |   N/A |   N/A | 100.0 | 153.5
       Dungeon | 100.0 | 100.0 |   N/A |   N/A | 100.0 | 153.5
               +-------+-------+-------+-------+-------+----------------------

Table legend: (Time is in decaauts)
 A = Elapsed time spent in this place.
 B = Non-inter-level travel time spent in this place.
 C = Inter-level travel time spent in this place.
 D = Time resting spent in this place.
 E = Time spent auto-exploring this place.
 F = Levels seen in this place.
 G = Mean time per level.
                   A        B        C        D        E       F      G
               +--------+--------+--------+--------+--------+-----+--------+
         Total |   3660 |   3541 |    119 |   1114 |   1954 |   4 |  915.0 |
       Dungeon |   3660 |   3541 |    119 |   1114 |   1954 |   4 |  915.0 |
               +--------+--------+--------+--------+--------+-----+--------+

Top non-repeatable levels by time:
     D:3: 1942 daAuts
     D:1: 928 daAuts
     D:2: 764 daAuts
     D:4: 25 daAuts
